[Event "Hungarian Super League 2024-25"]
[Site "Hungary"]
[Date "2024.11.02"]
[Round "1.14"]
[White "Hujbert, Florian"]
[Black "Pribelszky, Bence"]
[Result "0-1"]
[ECO "A05"]
[WhiteElo "2423"]
[BlackElo "2395"]
[Annotator "TA"]
[PlyCount "68"]
[EventDate "2024.10.30"]
[EventType "team-tourn"]
[EventCountry "HUN"]
[SourceTitle "playchess.com"]
[Source "ChessBase"]
[SourceQuality "1"]
[TimeControl "40/5400+30:1800+30"]

1. Nf3 Nf6 2. g3 b6 3. Bg2 Bb7 4. O-O e6 5. c4 Be7 6. Nc3 O-O 7. Re1 Ne4 8. d3 Nxc3 9. bxc3 f5 {[%emt 0:07:10] The position is equal.} 10. a4 (10. e4 $5) 10... a5 11. e4 fxe4 12. dxe4 (12. Nd2 $1 $14) 12... Na6 13. e5 Nc5 14. Nd4 Bxg2 15. Kxg2 Qc8 16. Ra2 d6 {[%emt 0:05:06] [#]} (16... Qa6 $15 {keeps the upper hand.} 17. Qe2 Qb7+ 18. f3 Rf7) 17. exd6 $1 $16 Bxd6 {[%emt 0:00:45] [#]} 18. Nxe6 $1 Nxe6 $11 19. Qd5 {[%emt 0:00:25] Repels Rf5} Rf6 {[%emt 0:00:59] aiming for ...c6.} 20. Rae2 Kf7 21. Rxe6 Rxe6 22. Rxe6 Qxe6 23. Qf3+ {[%emt 0:03:15] [#]} (23. Qxa8 $11 Qxc4 24. Be3) 23... Bf4 $1 $17 24. Bxf4 {[%emt 0:01:22][%mdl 4096] Endgame. KQR-KQB} Rc8 $36 {[%emt 0:00:03][%mdl 2048] Black is on the roll.} 25. Be5+ Kg8 (25... Ke7 {keeps more tension.} 26. Bxg7 Re8 27. Qd3 Qg6) 26. Qd5 {[%emt 0:01:38][%mdl 8192] Loses the game.} (26. Qb7 $17 {was the crucial defense.}) 26... Qxd5+ $19 27. cxd5 {[%emt 0:00:05] KR-KB} c6 28. d6 Rd8 29. Kf3 Kf7 ({Don't do} 29... b5 30. axb5 cxb5 31. Ke4 $19) 30. Ke4 Ke6 {[%emt 0:00:58] Repels c4} 31. Bxg7 (31. c4 {keeps fighting.}) 31... Rxd6 {[%emt 0:00:15] Black is clearly winning.} ({Less strong is} 31... Kxd6 32. Be5+ Ke6 33. Bc7 $19) 32. Bd4 c5 33. Be3 Rd1 34. f4 Ra1 {[%emt 0:00:26] Weighted Error Value: White=0.44/Black=0.14 (very precise) .  Loses game:     	White=1     	---        Mistake:       	White=4     	Black=1      Inaccurate:     	White=1     	Black=1      OK:         	White=8     	Black=12     Best:        	---       	Black=1      Strong:       	White=1     	---        Brilliant:      	---       	Black=1} 0-1

[Event "Hungarian Super League 2024-25"]
[Site "Hungary"]
[Date "2024.11.02"]
[Round "1.15"]
[White "Papp, Levente"]
[Black "Horvath, Zsolt"]
[Result "1-0"]
[ECO "A14"]
[WhiteElo "2367"]
[BlackElo "2378"]
[Annotator "RC"]
[PlyCount "89"]
[EventDate "2024.10.30"]
[EventType "team-tourn"]
[EventCountry "HUN"]
[SourceTitle "playchess.com"]
[Source "ChessBase"]
[SourceQuality "1"]
[TimeControl "40/5400+30:1800+30"]

1. c4 e6 2. Nf3 d5 3. g3 Nf6 4. Bg2 Be7 5. O-O O-O 6. b3 c5 7. cxd5 Nxd5 8. Bb2 Bf6 9. Qc1 Bxb2 10. Qxb2 Nc6 11. Nc3 Qf6 12. Rac1 Bd7 13. Rfd1 Rac8 14. e3 b6 15. d4 Nxc3 16. Rxc3 cxd4 17. exd4 g6 18. h4 h6 19. Qd2 Qg7 20. Rdc1 Rfd8 21. Qe3 Ne7 22. Ne5 Qf8 23. Rxc8 Bxc8 24. Rc7 f6 25. Nc6 Nxc6 26. Rxc6 Bd7 27. Rc7 Qd6 28. Rxa7 g5 29. h5 Kf8 30. Qd3 f5 31. Qc3 Rc8 32. Qb2 Ke8 33. Kh2 Kd8 34. Qd2 f4 35. Qd3 fxg3+ 36. fxg3 e5 37. Qh7 exd4 38. Bh3 Rc7 39. Ra8+ Rc8 40. Qg8+ Ke7 41. Rxc8 Bxc8 42. Qxc8 d3 43. Qb7+ Kf8 44. Qf3+ Ke7 45. Qe3+ 1-0

[Event "Hungarian Super League 2024-25"]
[Site "Hungary"]
[Date "2024.11.02"]
[Round "1.16"]
[White "Szalai, Kornel"]
[Black "Juhasz, Armin"]
[Result "1/2-1/2"]
[ECO "A06"]
[WhiteElo "2370"]
[BlackElo "2379"]
[Annotator "RC"]
[PlyCount "103"]
[EventDate "2024.10.30"]
[EventType "team-tourn"]
[EventCountry "HUN"]
[SourceTitle "playchess.com"]
[Source "ChessBase"]
[SourceQuality "1"]
[TimeControl "40/5400+30:1800+30"]

1. Nf3 d5 2. e3 Nf6 3. c4 e6 4. b3 c5 5. Bb2 Nc6 6. cxd5 exd5 7. Be2 Bd6 8. O-O O-O 9. d4 Bg4 10. dxc5 Bxc5 11. Nc3 a6 12. Na4 Ba7 13. h3 Be6 14. Ba3 Re8 15. Nc5 Qa5 16. Nxe6 fxe6 17. Bb2 e5 18. a3 Rad8 19. Rc1 Bb8 20. b4 Qc7 21. g3 Kh8 22. Nd2 Qd7 23. Kg2 Ba7 24. Nf3 d4 25. exd4 Nxd4 26. Bxd4 Bxd4 27. Nxd4 exd4 28. Bd3 a5 29. Qf3 axb4 30. axb4 Nd5 31. Rc4 Rf8 32. Qh5 Nf6 33. Qg5 Rc8 34. Rfc1 Rxc4 35. Rxc4 b5 36. Rc5 Qb7+ 37. Kg1 Ne4 38. Rf5 Ra8 39. Qf4 Nf6 40. Qxd4 Qe7 41. Rxb5 Rd8 42. Qc4 Qe1+ 43. Bf1 h6 44. Qe2 Qb1 45. Rb7 Ne4 46. Qg4 Ng5 47. Rd7 Rxd7 48. Qxd7 Nf3+ 49. Kg2 Ne1+ 50. Kg1 Nf3+ 51. Kg2 Ne1+ 52. Kg1 1/2-1/2

[Event "Hungarian Super League 2024-25"]
[Site "Hungary"]
[Date "2024.11.02"]
[Round "1.17"]
[White "Jakab, Bela"]
[Black "Tatar Kis, Szabolcs"]
[Result "1/2-1/2"]
[ECO "B22"]
[WhiteElo "2361"]
[BlackElo "2324"]
[Annotator "RC"]
[PlyCount "83"]
[EventDate "2024.10.30"]
[EventType "team-tourn"]
[EventCountry "HUN"]
[SourceTitle "playchess.com"]
[Source "ChessBase"]
[SourceQuality "1"]
[TimeControl "40/5400+30:1800+30"]

1. e4 c5 2. c3 d5 3. exd5 Qxd5 4. d4 Nc6 5. Nf3 Bg4 6. Be2 Nf6 7. h3 Bh5 8. c4 Qd6 9. d5 Bxf3 10. Bxf3 Nd4 11. O-O g6 12. Be3 Nxf3+ 13. Qxf3 Bg7 14. Nc3 O-O 15. Rac1 b6 16. Rfd1 Qd7 17. b3 Ne8 18. Bf4 Nd6 19. Bxd6 Qxd6 20. Ne4 Qe5 21. Re1 Qb2 22. a4 Rad8 23. Rcd1 Rd7 24. Re2 Qa3 25. Rde1 a6 26. Nd2 Qb4 27. Nf1 Bf6 28. Nh2 b5 29. axb5 axb5 30. Re4 bxc4 31. bxc4 Ra8 32. Ng4 Ra6 33. Nxf6+ Rxf6 34. Qe2 Kg7 35. Qc2 Kf8 36. Qc1 h5 37. Qh6+ Kg8 38. Qc1 Kf8 39. Qa1 Qd2 40. R1e2 Qd3 41. Qc1 Rb7 42. Qh6+ 1/2-1/2

[Event "Hungarian Super League 2024-25"]
[Site "Hungary"]
[Date "2024.11.02"]
[Round "1.18"]
[White "Terbe, Julianna"]
[Black "Kovacsy, Barnabas"]
[Result "1/2-1/2"]
[ECO "D85"]
[WhiteElo "2225"]
[BlackElo "2274"]
[Annotator "RC"]
[PlyCount "84"]
[EventDate "2024.10.30"]
[EventType "team-tourn"]
[EventCountry "HUN"]
[SourceTitle "playchess.com"]
[Source "ChessBase"]
[SourceQuality "1"]
[TimeControl "40/5400+30:1800+30"]

1. d4 Nf6 2. c4 g6 3. Nc3 d5 4. cxd5 Nxd5 5. e4 Nxc3 6. bxc3 Bg7 7. Nf3 c5 8. Bb5+ Nc6 9. Rb1 O-O 10. d5 Ne5 11. O-O a6 12. Bd3 b5 13. Nxe5 Bxe5 14. c4 e6 15. Be3 exd5 16. cxd5 f5 17. f4 Bd4 18. Bxd4 cxd4 19. Rb4 fxe4 20. Bxe4 Qd6 21. Rxd4 Bf5 22. Bxf5 Rxf5 23. Qd2 Rd8 24. Rd1 h5 25. g3 Kf7 26. Qe3 Re8 27. Re4 Rxe4 28. Qxe4 h4 29. Kg2 hxg3 30. hxg3 Kf6 31. Qd4+ Kf7 32. Kf3 g5 33. Qa7+ Kg6 34. Qd4 Kf7 35. Qe4 Kf6 36. Rd3 a5 37. Kg4 Qd7 38. Qe6+ Qxe6 39. dxe6 gxf4 40. gxf4 Kxe6 41. Re3+ Kf6 42. Rh3 Rc5 1/2-1/2

[Event "Hungarian Super League 2024-25"]
[Site "Hungary"]
[Date "2024.11.02"]
[Round "1.19"]
[White "Matyassy, Lazar"]
[Black "Mihok-Juhasz, Barbara"]
[Result "1/2-1/2"]
[ECO "C47"]
[WhiteElo "2234"]
[BlackElo "2176"]
[Annotator "RC"]
[PlyCount "79"]
[EventDate "2024.10.30"]
[EventType "team-tourn"]
[EventCountry "HUN"]
[SourceTitle "playchess.com"]
[Source "ChessBase"]
[SourceQuality "1"]
[TimeControl "40/5400+30:1800+30"]

1. e4 e5 2. Nf3 Nf6 3. Nc3 Nc6 4. d4 exd4 5. Nxd4 Bb4 6. Nxc6 bxc6 7. Bd3 O-O 8. O-O Re8 9. Qf3 d6 10. Bd2 a5 11. h3 Bd7 12. Rad1 Bc5 13. Rfe1 Bd4 14. Bc1 Rb8 15. Bc4 Be5 16. b3 h6 17. Kf1 Be6 18. Bxe6 Rxe6 19. Qd3 Qe7 20. Na4 g5 21. Ba3 c5 22. Nb2 Nh5 23. Qf3 Nf4 24. g3 Ng6 25. Nc4 Rf6 26. Qg4 h5 27. Qxh5 Bxg3 28. Rd2 Bf4 29. Rd3 Re6 30. f3 Ne5 31. Bb2 f6 32. Bxe5 fxe5 33. Qg4 Rh6 34. Nxa5 Ra8 35. Nc4 Rxa2 36. Re2 Rh4 37. Qf5 Qf7 38. Qxf7+ Kxf7 39. Kg2 Ke6 40. Ne3 1/2-1/2

[Event "Hungarian Super League 2024-25"]
[Site "Hungary"]
[Date "2024.11.02"]
[Round "1.20"]
[White "Meszaros-Csonka, David"]
[Black "Terbe, Zsuzsanna"]
[Result "1-0"]
[ECO "D00"]
[WhiteElo "1936"]
[BlackElo "2160"]
[Annotator "RC"]
[PlyCount "93"]
[EventDate "2024.10.30"]
[EventType "team-tourn"]
[EventCountry "HUN"]
[SourceTitle "playchess.com"]
[Source "ChessBase"]
[SourceQuality "1"]
[TimeControl "40/5400+30:1800+30"]

1. d4 d5 2. Bf4 Nf6 3. e3 e6 4. Nd2 c5 5. c3 Nc6 6. Ngf3 Nh5 7. Bg5 f6 8. Bh4 g6 9. Bd3 Be7 10. Bg3 O-O 11. O-O Nxg3 12. hxg3 e5 13. dxe5 fxe5 14. e4 d4 15. Bc4+ Kg7 16. Bd5 Bg4 17. Bxc6 bxc6 18. Qa4 Qc7 19. Rfc1 d3 20. Qc4 Rad8 21. Re1 Qd6 22. Re3 Rf7 23. Rd1 Be6 24. Qa6 Bf6 25. Nc4 Qb8 26. b3 Rfd7 27. Na5 Qc7 28. b4 cxb4 29. cxb4 Rd6 30. Rexd3 Rxd3 31. Rxd3 Rxd3 32. Qxd3 Bxa2 33. Qc2 Bf7 34. Qxc6 Qb8 35. Qc5 a6 36. Nc6 Qb7 37. Nfxe5 Be8 38. Qd6 h5 39. Qe6 Bxc6 40. Nxc6 Qb6 41. e5 Bg5 42. Qd7+ Kh6 43. e6 h4 44. Qe8 Bf6 45. gxh4 Bxh4 46. Qf8+ Kh5 47. Qc5+ 1-0

[Event "Hungarian Super League 2024-25"]
[Site "Hungary"]
[Date "2024.11.02"]
[Round "1.21"]
[White "Kozul, Zdenko"]
[Black "Perunovic, Milos"]
[Result "1-0"]
[ECO "A61"]
[WhiteElo "2511"]
[BlackElo "2508"]
[Annotator "TA"]
[PlyCount "67"]
[EventDate "2024.10.30"]
[EventType "team-tourn"]
[EventCountry "HUN"]
[SourceTitle "playchess.com"]
[Source "ChessBase"]
[SourceQuality "1"]
[TimeControl "40/5400+30:1800+30"]

1. d4 Nf6 2. Nf3 e6 3. c4 c5 4. d5 d6 5. Nc3 exd5 6. cxd5 g6 7. e4 a6 8. a4 Bg4 9. Be2 Bxf3 10. Bxf3 Nbd7 11. O-O Bg7 12. Bf4 Qe7 13. Re1 O-O 14. a5 h5 15. Na4 {[%emt 0:04:03][%cal Ob2b4] White is more active.} Nh7 16. Bd2 (16. g3 $14) 16... Ng5 $11 {[%emt 0:12:18] The position is equal.} 17. g3 Nxf3+ 18. Qxf3 Rae8 19. Qb3 Ne5 {[%emt 0:01:29] ...f5 would now be deadly.} 20. Nb6 f5 {[%emt 0:09:38] [#] ...fxe4 is the strong threat.} 21. f4 c4 22. Nxc4 Nxc4 23. Qxc4 fxe4 24. Re2 Rf5 25. Be3 Qd7 26. Rae1 h4 27. g4 $14 Rxf4 {[%emt 0:00:33] A mistake that costs the game.} 28. Bxf4 $18 Qxg4+ {[%emt 0:00:04] [#]} 29. Rg2 $1 Qxf4 30. Rxg6 Re5 (30... Qf5 $142 31. Rg2 (31. Rxd6 Qg4+ 32. Kh1 Qf3+ 33. Kg1 Kh7 $19) 31... Kh8) 31. Rg2 (31. Rxd6 $2 {leads to mate.} Rg5+ 32. Kh1 Qf3#) 31... Kh7 (31... Qf5 {might work better.} 32. Rf1 Qd7) 32. b4 {[%emt 0:00:16] Strongly threatening Rf1.} Rf5 $2 (32... Kh6 33. h3 Rg5) 33. Rxe4 Bd4+ 34. Rxd4 {[%emt 0:00:38] Weighted Error Value: White=0.19 (very precise) /Black=0.73.  Mistake:       	White=1     	Black=5      Inaccurate:     	White=2     	Black=1      OK:         	White=6     	Black=6      Best:        	White=4     	Black=1      Strong:       	White=1     	---} 1-0

[Event "Hungarian Super League 2024-25"]
[Site "Hungary"]
[Date "2024.11.02"]
[Round "1.22"]
[White "Stankovic, Milos"]
[Black "Hera, Imre Jr."]
[Result "0-1"]
[ECO "B22"]
[WhiteElo "2471"]
[BlackElo "2522"]
[Annotator "TA"]
[PlyCount "100"]
[EventDate "2024.10.30"]
[EventType "team-tourn"]
[EventCountry "HUN"]
[SourceTitle "playchess.com"]
[Source "ChessBase"]
[SourceQuality "1"]
[TimeControl "40/5400+30:1800+30"]

1. e4 c5 2. c3 Nf6 3. e5 Nd5 4. Nf3 e6 5. d4 cxd4 6. cxd4 d6 7. Bc4 Be7 8. O-O O-O 9. Qe2 Nc6 10. Rd1 Na5 11. Bd3 Nb4 12. Nc3 Nxd3 13. Rxd3 {[%emt 0:00:32] The position is equal.} d5 14. Ne1 f6 15. Rh3 {[%emt 0:20:24] [#] Strongly threatening Qh5.} Rf7 16. Nd3 Nc6 17. Be3 Bd7 18. Rd1 Rc8 19. exf6 Bxf6 20. Ne5 Nxe5 21. dxe5 Be7 (21... Bxe5 22. Qh5 (22. Bxa7 Qc7 $17) 22... g5 23. Bxg5 $16 (23. Qxg5+ Qxg5 24. Bxg5 a6 $17)) 22. Qd3 (22. Bxa7 b6 23. Rf3 Rxf3 24. Qxf3 Qc7 (24... Ra8 $2 25. Bxb6 Qc8 26. h3 $18) 25. Nxd5 exd5 26. Qxd5+ Kh8 27. Bxb6 (27. Qxd7 $2 Qxd7 28. Rb1 Qxa7 $19) 27... Qxb6 $17) 22... g6 23. Ne2 (23. Bxa7 $2 b6 24. Rf3 Qc7 25. Rxf7 Kxf7 $19) 23... Qc7 24. Bd4 (24. Bxa7 $2 b6 (24... Qxe5 25. Bd4 $15) 25. Qa6 Ra8 (25... Qxe5 26. Bxb6 Qxb2 27. Rb3 $17) 26. Bxb6 (26. Qxb6 Qxa7 27. Qxa7 Rxa7 $19) 26... Qc6 $19 (26... Rxa6 27. Bxc7 Rxa2 28. Rb1 $11)) 24... Qc2 25. Nc3 {[%emt 0:01:24] Repels Bb5} Qxd3 26. Rhxd3 b5 27. Re3 Rff8 28. Bxa7 b4 29. Ne2 Rc2 30. a3 Ra8 31. Bd4 bxa3 {[%emt 0:03:02] Black is more active.} 32. bxa3 Rxa3 $40 {[%emt 0:00:14][%mdl 128] Black attacks.} (32... Bxa3 33. Ra1 $11) 33. Rxa3 Bxa3 34. Nf4 Rc4 {[%emt 0:02:29] Threatens to win with ...Ba4.} 35. g3 Kf7 36. Rd3 Be7 37. h4 Bb5 {[%emt 0:02:42] And now ...Rc1+ would win.} 38. Rf3 Ke8 (38... Rxd4 39. Ne2+ (39. Nxd5+ Kg7 $17) 39... Ke8 40. Nxd4 $18) 39. Rb3 (39. Nxe6 $2 {too greedy.} Kd7 40. Nf8+ Bxf8 41. Rxf8 Rxd4 $19) 39... Ba4 40. Rd3 {[%emt 0:00:00] [#]} (40. Rb8+ $11 {remains equal.} Kf7 41. Bb2) 40... Kd7 $1 $17 41. Ne2 Bb4 (41... Bc2 $17 42. Rc3 Rxc3 43. Bxc3 Bd1) 42. Be3 $15 Bc2 43. Rd4 Be4 44. Rxc4 dxc4 {[%emt 0:00:05][%mdl 4096] Endgame. KBB-KBN} 45. Bd4 Kc6 {[%emt 0:00:48] White must now prevent ...Bd3.} 46. Nc3 Bd3 {[%emt 0:03:28] ...Bc5 is the strong threat.} 47. h5 $2 {[%emt 0:07:42][%mdl 8192] This move loses the game for White.} Bc5 $19 48. hxg6 hxg6 (48... Bxd4 $2 {is the wrong capture.} 49. g7 Bxc3 50. g8=Q $18 (50. g8=R $2 Bxe5 51. Re8 c3 $19)) 49. Bxc5 Kxc5 50. f4 Kb4 {[%emt 0:00:54] Weighted Error Value: White=0.57/Black=0.07 (flawless) .  Loses game:     	White=1     	---        Mistake:       	White=1     	Black=1      Inaccurate:     	White=4     	Black=3      OK:         	White=13    	Black=12     Best:        	White=3     	Black=3      Strong:       	---       	Black=1} 0-1

[Event "Hungarian Super League 2024-25"]
[Site "Hungary"]
[Date "2024.11.02"]
[Round "1.23"]
[White "Ruck, Robert"]
[Black "Palkovi, Jozsef"]
[Result "1-0"]
[ECO "A35"]
[WhiteElo "2516"]
[BlackElo "2376"]
[Annotator "TA"]
[PlyCount "81"]
[EventDate "2024.10.30"]
[EventType "team-tourn"]
[EventCountry "HUN"]
[SourceTitle "playchess.com"]
[Source "ChessBase"]
[SourceQuality "1"]
[TimeControl "40/5400+30:1800+30"]

1. Nf3 Nf6 2. c4 c5 3. Nc3 Nc6 4. g3 d5 5. d4 e6 6. cxd5 Nxd5 7. Bg2 Nxc3 8. bxc3 cxd4 9. cxd4 Be7 10. O-O O-O 11. Rb1 Qa5 12. Qb3 Rd8 13. e3 Rb8 {[%emt 0:10:39] White is slightly better.} 14. Rd1 Bf6 15. Bd2 Qh5 16. Rdc1 Bd7 17. Bc3 (17. Ne1 $16 {Black must now prevent Bxc6.} h6 18. Nd3) 17... Na5 18. Qb4 $36 {[%emt 0:10:01][%mdl 2048] White has some pressure.} Nc6 19. Qb3 Na5 20. Qb4 Nc6 21. Qb2 b5 22. Bb4 e5 (22... Rbc8 $16) 23. Bd6 $1 $18 exd4 24. Bxb8 (24. Nxd4 Nxd4 25. exd4 Rbc8 $14) (24. exd4 Rbc8 $14) 24... dxe3 25. Qxb5 exf2+ 26. Kxf2 Ne5 27. Qe2 Nxf3 28. Bxa7 (28. Qxf3 $2 Bd4+ 29. Kf1 Bg4 $19) (28. Bxf3 Qxh2+ 29. Bg2 Bd4+ 30. Ke1 Bg4 $19 (30... Re8 $2 31. Be4 $17)) 28... Bg4 {[%emt 0:00:53][%mdl 8192] This move loses the game for Black.} 29. h3 {[%emt 0:01:53] [#] Threatens to win with Rd1.} (29. Bxf3 $2 Bxf3 30. Qc2 (30. Qxf3 $2 Rd2+ 31. Ke1 Qxf3 $19) 30... Bd5 $19 (30... Qxh2+ $2 31. Kxf3 Qh5+ 32. Kg2 $18)) 29... Ne5 30. hxg4 Nxg4+ 31. Kg1 ({Don't take} 31. Ke1 Qa5+ 32. Kf1 Qxa7 33. Qxg4 Qxa2 $18) 31... Qh2+ 32. Kf1 Qxg3 33. Rd1 {[%emt 0:00:26] [#] Rxd8+ would kill now.} Qf4+ 34. Bf3 {[%emt 0:01:37] Threatening mate with Rxd8+.} Rxd1+ 35. Rxd1 ({Resist} 35. Qxd1 g6 36. Bg1 Ne5 $18) 35... g6 $2 (35... Ne5 36. Bd4 g6) 36. Qe4 {[%emt 0:01:12] White is clearly winning.} Nh2+ 37. Kg2 Qc7 38. Bg1 Nxf3 39. Qxf3 Qc2+ 40. Kh1 {[%emt 0:00:00] And now Rf1 would win.} Kg7 (40... Qc4 $142 41. Rd2 (41. Qxf6 Qe4+ 42. Kh2 Qe2+ 43. Bf2 Qxd1 $18) 41... Be5) 41. Rf1 {[%emt 0:00:33] Weighted Error Value: White=0.31/Black=0.27 (precise) .  Loses game:     	---       	Black=1      Mistake:       	White=1     	Black=3      Inaccurate:     	White=2     	Black=4      OK:         	White=10    	Black=9      Best:        	White=4     	Black=5} 1-0

[Event "Hungarian Super League 2024-25"]
[Site "Hungary"]
[Date "2024.11.02"]
[Round "1.24"]
[White "Peczely, Sebastian Zsombor"]
[Black "Jankovic, Alojzije"]
[Result "0-1"]
[ECO "B48"]
[WhiteElo "2306"]
[BlackElo "2554"]
[Annotator "TA"]
[PlyCount "90"]
[EventDate "2024.10.30"]
[EventType "team-tourn"]
[EventCountry "HUN"]
[SourceTitle "playchess.com"]
[Source "ChessBase"]
[SourceQuality "1"]
[TimeControl "40/5400+30:1800+30"]

1. e4 c5 2. Nf3 e6 3. d4 cxd4 4. Nxd4 Nc6 5. Nc3 Qc7 6. Be3 Nf6 7. Ndb5 Qb8 8. Qf3 a6 9. Nd4 Bd6 10. Nxc6 {[%emt 0:05:27] The position is equal.} bxc6 11. O-O-O Be5 12. Bd4 d5 13. Bxe5 Qxe5 14. exd5 cxd5 15. Bd3 (15. Be2 {simplifies} Bb7 16. Qg3 Qxg3 17. hxg3 Ke7 18. g4) 15... Rb8 (15... Bb7 {simplifies} 16. Qg3 Qxg3 17. hxg3 h5) 16. Rhe1 (16. Qg3 {simplifies} Qxg3 17. hxg3 Ng4 18. Rd2) 16... Qd6 17. g4 (17. Qg3 {simplifies} Qxg3 18. hxg3 h5 19. Be2) 17... Qb4 18. g5 $1 Qxb2+ 19. Kd2 Ne4+ 20. Nxe4 Qb4+ 21. Ke2 dxe4 22. Qxe4 Qxe4+ 23. Bxe4 h6 24. g6 f6 25. Rb1 {[%emt 0:10:26] Inhibits Rb4.} Rxb1 26. Rxb1 $11 {[%emt 0:02:32][%mdl 4096] Endgame. next Rb8 is good for White. KRB-KRB} Kd7 (26... Ke7 $1 $11 {keeps the balance.}) 27. Rb8 $16 Kc7 28. Ra8 {[%emt 0:00:09] aiming for Ra7+.} f5 29. Bf3 Kb6 30. Ke3 (30. a4 $16 {[%cal Oa4a5] Strongly threatening a5+!} a5 31. Kd2) 30... e5 $14 31. Bd5 {[%emt 0:01:41] Threatening f4.} Rd8 32. Be6 $2 {[%emt 0:01:03] [#] Now White is beyond hope.} (32. h4 $11 {and White has nothing to worry.}) 32... Kb7 $19 33. Rxc8 Rxc8 34. Bxc8+ Kxc8 {[%emt 0:00:03] KP-KP} 35. Kd3 Kc7 36. f4 $2 {[%emt 0:02:40] [#]} (36. Kc4 Kc6 37. a3) 36... e4+ $1 (36... exf4 $2 {loses.} 37. Ke2 Kd6 38. Kf3 $18) 37. Kd4 Kb6 38. h4 h5 {[%emt 0:00:20] ( -> ...Ka5)} 39. c4 Kc6 {[%emt 0:01:23] Black mates.} 40. a3 a5 41. a4 Kd6 42. c5+ Kc6 43. Kc4 e3 44. Kd3 Kxc5 45. Kxe3 Kc4 {[%emt 0:00:13] Weighted Error Value: White=0.65/Black=0.09 (flawless) .  Loses game:     	White=1     	---        Mistake:       	White=2     	Black=1      Inaccurate:     	White=2     	Black=3      OK:         	White=10    	Black=6      Best:        	White=1     	Black=4      Strong:       	White=1     	Black=1} (45... Kb4 $2 46. Kd4 Kxa4 47. Kd5 $19 (47. Ke5 $2 Kb4 $19)) 0-1

[Event "Hungarian Super League 2024-25"]
[Site "Hungary"]
[Date "2024.11.02"]
[Round "1.25"]
[White "Nemeth, Miklos"]
[Black "Tesik, Csaba"]
[Result "1-0"]
[ECO "C55"]
[WhiteElo "2422"]
[BlackElo "2290"]
[Annotator "RC"]
[PlyCount "163"]
[EventDate "2024.10.30"]
[EventType "team-tourn"]
[EventCountry "HUN"]
[SourceTitle "playchess.com"]
[Source "ChessBase"]
[SourceQuality "1"]
[TimeControl "40/5400+30:1800+30"]

1. e4 e5 2. Nf3 Nc6 3. Bc4 Nf6 4. d3 Be7 5. O-O O-O 6. Re1 d6 7. a4 Be6 8. Na3 h6 9. Bd2 a5 10. c3 Nd7 11. d4 exd4 12. cxd4 Bg4 13. Nc2 Bf6 14. Bc3 Re8 15. Ne3 Bh5 16. Nf5 Bg6 17. Ng3 Nb4 18. Bb3 d5 19. exd5 Rxe1+ 20. Bxe1 Nb6 21. Bxb4 axb4 22. Ne5 Nxd5 23. Nxg6 fxg6 24. Qd3 Kh7 25. Ne2 Ra6 26. Qb5 Rd6 27. Qxb7 Qe7 28. Kf1 Qe4 29. Bxd5 Rxd5 30. f3 Qf5 31. Qxb4 c5 32. dxc5 Rxc5 33. Qe4 Qh5 34. h3 Bxb2 35. Rb1 Bf6 36. Nf4 Qf5 37. Qxf5 gxf5 38. Rb4 Bc3 39. Rb5 Rc4 40. Ne2 Bd2 41. Rd5 Be3 42. Re5 Bd2 43. Rxf5 Rxa4 44. g4 Be3 45. Re5 Bb6 46. h4 Ra2 47. Re6 Ba7 48. f4 Kg8 49. g5 hxg5 50. hxg5 Kf7 51. Rc6 Be3 52. g6+ Ke7 53. f5 Kd7 54. Rc3 Bg5 55. Rg3 Bf6 56. Rd3+ Kc6 57. Ng3 Ra5 58. Kg2 Bh4 59. Rf3 Kd6 60. Nh5 Ra7 61. Re3 Bg5 62. Re6+ Kd5 63. Kf3 Bh6 64. Nf4+ Bxf4 65. Kxf4 Ra1 66. Re7 Rf1+ 67. Kg4 Rg1+ 68. Kh3 Rh1+ 69. Kg2 Rh5 70. Rxg7 Rxf5 71. Kg3 Ke6 72. Kg4 Rf1 73. Ra7 Rg1+ 74. Kh5 Kf6 75. Rf7+ Ke6 76. Kh6 Rh1+ 77. Kg7 Rh2 78. Rf1 Ke7 79. Re1+ Kd8 80. Kg8 Kd7 81. g7 Rh3 82. Re4 1-0

[Event "Hungarian Super League 2024-25"]
[Site "Hungary"]
[Date "2024.11.02"]
[Round "1.26"]
[White "Papp, Bence"]
[Black "Kovacs, Gabor"]
[Result "1-0"]
[ECO "C21"]
[WhiteElo "2244"]
[BlackElo "2400"]
[Annotator "RC"]
[PlyCount "101"]
[EventDate "2024.10.30"]
[EventType "team-tourn"]
[EventCountry "HUN"]
[SourceTitle "playchess.com"]
[Source "ChessBase"]
[SourceQuality "1"]
[TimeControl "40/5400+30:1800+30"]

1. e4 e5 2. d4 exd4 3. c3 d3 4. Bxd3 d6 5. Nf3 Nf6 6. O-O Be7 7. Re1 O-O 8. h3 Nbd7 9. Nd4 Re8 10. f4 Nc5 11. Bc2 Bf8 12. Nd2 c6 13. Qf3 Qb6 14. Kh1 Ne6 15. Nxe6 Bxe6 16. f5 Bc8 17. Nc4 Qc5 18. b3 d5 19. Ba3 dxe4 20. Rxe4 Qd5 21. Rd1 Nxe4 22. Rxd5 cxd5 23. Bxf8 Kxf8 24. Ne3 Nxc3 25. f6 Be6 26. fxg7+ Kxg7 27. Qg3+ Kf8 28. Qd6+ Kg8 29. Qg3+ Kf8 30. Qe5 Rac8 31. Qh8+ Ke7 32. Qxh7 Kd7 33. Bf5 Re7 34. Qh4 Rc6 35. Qd4 Nb5 36. Qxd5+ Nd6 37. Qd4 a6 38. Be4 Rc7 39. Kh2 Re8 40. Nf5 Bxf5 41. Bxf5+ Kc6 42. Bg4 Rd8 43. a4 a5 44. b4 b6 45. Qc3+ Kb7 46. Bf3+ Kb8 47. Qd4 Nb7 48. Qxb6 Rd6 49. Qb5 axb4 50. a5 Ka7 51. Bxb7 1-0